 Dungeon Crawl Stone Soup version 0.17-a0-1572-g7a1422d (webtiles) character file.

179 urechis the Cudgeler (level 5, -2/55 HPs)
             Began as an Ogre Gladiator on July 25, 2015.
             Slain by a scorpion (6 damage)
             ... on level 4 of the Dungeon.
             The game lasted 00:04:03 (1979 turns).

urechis the Cudgeler (Ogre Gladiator)               Turns: 1979, Time: 00:04:04

Health: -2/55      AC:  3    Str: 26    XL:     5   Next: 59%
Magic:  5/5        EV: 10    Int:  7    God:
Gold:   124        SH:  0    Dex: 10    Spells: 0 memorised, 4 levels left

rFire  . . .     SeeInvis .     a - +0 flail
rCold  . . .     Clarity  .     b - +0 robe
rNeg   . . .     SustAt   .     (no shield)
rPois  .         Gourm    .     c - +0 hat
rElec  .         Spirit   .     (no cloak)
rCorr  .         Warding  .     (gloves unavailable)
rMut   .         Stasis   .     (boots unavailable)
MR     .....                    (no amulet)
Stlth  +.........               (no ring)
                                (no ring)

@: mighty, not resistant to hostile enchantments, very unstealthy
A: unfitting armour, tough skin 1
a: no special abilities


You were on level 4 of the Dungeon.
You were hungry.

You visited 1 branch of the dungeon, and saw 4 of its levels.

You collected 124 gold pieces.

Inventory:

Hand weapons
 a - a +0 flail (weapon)
Missiles
 d - 3 throwing nets (quivered)
 r - 7 tomahawks
Armour
 b - a +0 robe (worn)
 c - a +0 hat (worn)
Magical devices
 t - a wand of confusion (31)
Scrolls
 h - 8 scrolls of identify {unknown}
 i - 2 scrolls of blinking {unknown}
 j - a scroll of random uselessness {unknown}
 k - a scroll of enchant weapon {unknown}
 l - 4 scrolls of remove curse {unknown}
 n - 3 scrolls of fog {unknown}
 u - a scroll of amnesia {unknown}
 y - a scroll of teleportation {unknown}
Potions
 f - a potion of brilliance {unknown}
 p - 2 potions of curing
 q - a potion of beneficial mutation {unknown}
 s - a potion of flight {unknown}
 v - a potion of heal wounds {unknown}
 w - 2 potions of agility
 x - a potion of might
 z - a potion of ambrosia {unknown}
Comestibles
 e - 3 bread rations
 g - 4 fruits
 m - 2 meat rations
 o - 2 beef jerkies


   Skills:
 + Level 4.5 Fighting
 * Level 7.1 Maces & Flails
 - Level 2.1 Throwing
 - Level 2.6 Dodging


You had 4 spell levels left.
You didn't know any spells.

Dungeon Overview and Level Annotations

Branches:
Dungeon (4/15)
 Temple: D:4-7

Altars:
Trog

Shops:
D:4 :

Annotations:
D:3 mrath's ghost, average HOAK


Innate Abilities, Weirdness & Mutations

You are too large for most types of armour.
You have tough skin (AC +1).


Message History

It was a potion of curing.
You feel better. The quokka closely misses you.
You miss the quokka.
The quokka is moderately wounded.
The quokka bites you but does no damage.
You hit the quokka.
You kill the quokka!
You hit the scorpion but do no damage. The scorpion closely misses you.
You hit the scorpion.
The scorpion is moderately wounded.
The scorpion stings you!
* * * LOW HITPOINT WARNING * * *
You sock the scorpion!
The scorpion is severely wounded.
The scorpion stings you!
* * * LOW HITPOINT WARNING * * *
Drink which item? (? for menu, Esc to quit)
It was a potion of might.
You feel very mighty all of a sudden. The scorpion stings you.
You die...

#.......#.#.#......
#.......#.#.#....
#.......#.#.##.#######
#.......#.#..........#
#.......#.#....⌠.⌠...#
#.........#.....∩.....
#.#.......#.##').⌠#+#
#.#.#####.#.##s#§##
..#.......#.##@#.os
...#..######.##.# #...
... #..####### ###
##.o .. #........# .
#.#......# #.#.##...#
#.#.##.### #.#.##.###
#.#.<#...#


You could see a scorpion.

Vanquished Creatures
  A hound (D:4)
  2 iguanas (D:3)
  2 adders
  An adder skeleton (D:4)
  3 worms
  A giant gecko (D:3)
  An orc (D:4)
  7 bats
  2 giant cockroaches
  5 hobgoblins
  8 jackals
  3 quokkas
  5 ball pythons
  3 giant newts
  5 goblins
  6 kobolds
  4 rats
59 creatures vanquished.

Vanquished Creatures (others)
  A wizard (D:3)
1 creature vanquished.

Grand Total: 60 creatures vanquished

Notes
Turn   | Place    | Note
--------------------------------------------------------------
     0 | D:1      | urechis the Ogre Gladiator began the quest for the Orb.
     0 | D:1      | Reached XP level 1. HP: 22/22 MP: 1/1
    88 | D:1      | Reached XP level 2. HP: 23/29 MP: 2/2
   352 | D:1      | Reached skill level 5 in Maces & Flails
   352 | D:1      | Reached XP level 3. HP: 35/37 MP: 3/3
  1293 | D:3      | Reached XP level 4. HP: 25/48 MP: 4/4
  1443 | D:3      | Reached skill level 6 in Maces & Flails
  1559 | D:3      | Reached XP level 5. HP: 34/54 MP: 5/5
  1653 | D:3      | Noticed mrath's ghost (average HOAK)
  1699 | D:3      | Found a bloodstained altar of Trog.
  1700 | D:3      | Noticed a wizard
  1706 | D:3      | Killed a wizard
  1882 | D:4      | Reached skill level 7 in Maces & Flails
  1957 | D:4      | Found Tev Cooc's Book Shop.
  1979 | D:4      | Slain by a scorpion

Vault maps used:
D:1:      evilmike_arrival_run_for_it
D:3:      trog_wizard
D:4:      fedhas_altar_4, nicolae_overflow_hidden_temple,
          minmay_temple_entry_poolview, serial_shops, shop_fountains,
          nicolae_ossuary_entry_catacombs, nicolae_ashenzari_panopticon

Action                   |  1- 3 |  4- 6 || total
-------------------------+-------+-------++-------
Melee: Flail             |   101 |    86 ||   187
  Use: Potion            |       |     2 ||     2
  Eat: Chunk             |     1 |     2 ||     3
